 Dungeon Crawl Stone Soup version 0.22.1-1-ga44c0e56f4 (webtiles) character file.

7601 Jynx the Basher (level 10, 0/85 HPs)
             Began as a Demonspawn Berserker on Nov 4, 2018.
             Was a High Priest of Trog.
             Slain by Erolcha
             ... wielding a cursed -2 giant club
              (13 damage)
             ... while paralysed
             ... on level 9 of the Dungeon.
             The game lasted 00:15:50 (8176 turns).

Jynx the Basher (Demonspawn Berserker)              Turns: 8176, Time: 00:15:50

Health: 0/85       AC:  8    Str: 20    XL:     10   Next: 97%
Magic:  10/10      EV:  2    Int:  8    God:    Trog [*****.]
Gold:   329        SH:  0    Dex: 14    Spells: 9/9 levels left

rFire    . . .     SeeInvis .   x - +0 flail (protect)
rCold    . . .     Gourm    +   (no shield)
rNeg     . . .     Faith    .   A - +2 leather armour {rPois}
rPois    +         Spirit   .   (helmet restricted)
rElec    .         Reflect  .   (no cloak)
rCorr    .         Harm     .   (no gloves)
MR       .....                  (no boots)
Stlth    +.........             n - amulet of the gourmand
HPRegen  0.24/turn              p - +4 ring of evasion
MPRegen  0.12/turn              (no ring)

@: paralysed, berserk cooldown, slowed
A: horns 1, yellow scales 2, spiny 2, rot immunity
a: Berserk, Trog's Hand, Brothers in Arms, Renounce Religion


You were on level 9 of the Dungeon.
You worshipped Trog.
Trog was extremely pleased with you.
You were very full.

You visited 2 branches of the dungeon, and saw 10 of its levels.

You collected 329 gold pieces.

Inventory:

Hand Weapons
 x - a +0 flail of protection (weapon)
Armour
 A - a +2 leather armour of poison resistance (worn)
Jewellery
 n - an amulet of the gourmand (around neck)
 p - a +4 ring of evasion (left hand)
Wands
 u - a wand of flame (26)
 y - a wand of iceblast (10)
Scrolls
 b - 4 scrolls of remove curse
 e - 3 scrolls of identify
 f - 6 scrolls of teleportation {unknown}
 g - a scroll of fear {unknown}
 h - 2 scrolls of random uselessness {unknown}
 i - 2 scrolls of noise {unknown}
 j - 3 scrolls of blinking {unknown}
 k - 2 scrolls of enchant weapon {unknown}
 l - 2 scrolls of magic mapping {unknown}
 r - 3 scrolls of enchant armour {unknown}
 t - 2 scrolls of amnesia {unknown}
 v - a scroll of silence {unknown}
 B - a scroll of immolation {unknown}
Potions
 a - a potion of cancellation {unknown}
 d - 5 potions of curing
 m - 2 potions of agility
 o - a potion of lignification
 q - a potion of haste {unknown}
 s - a potion of might {unknown}
 w - a potion of flight {unknown}
 z - 3 potions of heal wounds
Comestibles
 c - 22 rations


   Skills:
 + Level 10.2 Fighting
 * Level 12.6 Maces & Flails
 - Level 1.7 Armour
 - Level 1.7 Dodging


You had 9 spell levels left.
You didn't know any spells.
Your spell library was empty.

Dungeon Overview and Level Annotations

Branches:
Dungeon (9/15)             Temple (1/1) D:4            Lair (0/6) D:8
    Orc: D:9-12

Altars:
Ashenzari
Cheibriados
Dithmenos
Elyvilon
Hepliaklqana
Kikubaaqudgha
Makhleb
Okawaru
Qazlal
Vehumet
Wu Jian
The Shining One

Shops:
D:7 !   D:8 *

Annotations:
D:9 Erolcha


Innate Abilities, Weirdness & Mutations

You have a pair of small horns on your head.
You are mostly covered in yellow scales. (AC +3)
You are mostly covered in sharp spines.
You are immune to rotting.


Message History

You barely miss something. You headbutt something.
The bullfrog completely misses you.
You closely miss something.
You are no longer berserk.
You pass out from exhaustion.
You feel yourself slow down.
You hear some strange, mumbled words.
A stone arrow appears from out of thin air!
The stone arrow hits you! The bullfrog is struck by your spines.
You kill the bullfrog!
Trog accepts your kill.
You hear some strange, mumbled words.
A stone arrow appears from out of thin air!
The stone arrow hits you!
* * * LOW HITPOINT WARNING * * *
Something hits you.
* * * LOW HITPOINT WARNING * * *
Something hits you!
You die...

.......#..#
.......#..#
.......#..#
.......#..#
.......#..######
.......#........
.......'........
########........
.......@.......
.......{.......
..........###..
...######## ..
.. .


There were no monsters in sight!

Vanquished Creatures
  Harold (D:7)
  3 death yaks (D:8)
  Prince Ribbit (D:5)
  Sigmund (D:5)
  Grum (D:8)
  4 hogs (D:7)
  A human (D:7)
  Edmund (D:5)
  2 water moccasins
  2 sky beasts
  3 black bears (D:6)
  2 orc warriors
  An ice beast (D:6)
  2 wolves (D:8)
  4 ogres
  3 centaurs
  5 bullfrogs
  A scorpion (D:6)
  6 killer bees (D:9)
  4 wights (D:7)
  3 howler monkeys
  3 crimson imps
  A centaur zombie (D:6)
  A jelly (D:5)
  6 orc wizards
  A gnoll shaman (D:4)
  5 hounds
  2 orc priests
  A bullfrog skeleton (D:6)
  3 iguanas
  3 worker ants
  2 hound zombies
  2 hound skeletons
  A worker ant zombie (D:5)
  12 gnolls
  A river rat (D:8)
  14 adders
  3 shadow imps
  2 oozes
  4 adder skeletons
  4 worms
  3 dart slugs
  3 leopard geckos
  24 orcs
  2 ball pythons
  13 bats
  8 giant cockroaches
  6 goblins
  7 hobgoblins
  7 jackals
  9 kobolds
  4 quokkas
  7 frilled lizards
  A leopard gecko skeleton (D:4)
  A leopard gecko zombie (D:6)
  2 quokka skeletons (D:4)
  8 rats
227 creatures vanquished.

Notes
Turn   | Place    | Note
-------+----------+-------------------------------------------
     0 | D:1      | Jynx the Demonspawn Berserker began the quest for the Orb.
     0 | D:1      | Reached XP level 1. HP: 18/18 MP: 1/1
   173 | D:1      | Reached skill level 3 in Maces & Flails
   225 | D:1      | Gained mutation: You are partially covered in yellow
                  | scales. (AC +2) [demonic ancestry]
   225 | D:1      | Reached XP level 2. HP: 18/24 MP: 2/2
  1062 | D:2      | Found a snail-covered altar of Cheibriados.
  1082 | D:2      | Gained mutation: You are mostly covered in yellow scales.
                  | (AC +3) [demonic ancestry]
  1082 | D:2      | Reached XP level 3. HP: 29/29 MP: 3/3
  1291 | D:2      | Reached skill level 4 in Maces & Flails
  1291 | D:2      | Gained mutation: You are partially covered in sharp spines.
                  | [demonic ancestry]
  1291 | D:2      | Reached XP level 4. HP: 36/37 MP: 4/4
  1300 | D:2      | Reached ** piety under Trog
  1301 | D:2      | Found a radiant altar of Vehumet.
  2002 | D:3      | Gained mutation: You are mostly covered in sharp spines.
                  | [demonic ancestry]
  2002 | D:3      | Reached XP level 5. HP: 42/42 MP: 5/5
  2029 | D:3      | Found a stormy altar of Qazlal.
  2066 | D:3      | Found a hazy altar of Hepliaklqana.
  2396 | D:3      | Reached skill level 5 in Maces & Flails
  2958 | D:4      | Reached *** piety under Trog
  2958 | D:4      | Gained mutation: You are immune to rotting. [demonic
                  | ancestry]
  2958 | D:4      | Reached XP level 6. HP: 41/49 MP: 6/6
  3252 | D:4      | Reached skill level 5 in Fighting
  3274 | D:4      | Reached skill level 6 in Maces & Flails
  3369 | D:4      | Found a staircase to the Ecumenical Temple.
  3387 | D:4      | Reached XP level 7. HP: 34/56 MP: 7/7
  3500 | Temple   | Entered the Ecumenical Temple
  3690 | D:4      | Found an ancient bone altar of Kikubaaqudgha.
  3910 | D:5      | Entered Level 5 of the Dungeon
  4350 | D:5      | Reached skill level 7 in Maces & Flails
  4627 | D:5      | Noticed Prince Ribbit
  4636 | D:5      | Killed Prince Ribbit
  4636 | D:5      | Gained mutation: You have a pair of small horns on your
                  | head. [demonic ancestry]
  4636 | D:5      | Reached XP level 8. HP: 52/64 MP: 8/8
  4739 | D:5      | Noticed Sigmund
  4740 | D:5      | Noticed Edmund
  4754 | D:5      | Killed Edmund
  4764 | D:5      | Killed Sigmund
  4764 | D:5      | Reached **** piety under Trog
  4764 | D:5      | Reached skill level 8 in Maces & Flails
  5240 | D:6      | Reached skill level 9 in Maces & Flails
  5272 | D:6      | Found a hazy altar of Hepliaklqana.
  5314 | D:6      | Found a white marble altar of Elyvilon.
  5378 | D:6      | Reached XP level 9. HP: 71/72 MP: 9/9
  5662 | D:6      | Found a shadowy altar of Dithmenos.
  5935 | D:7      | Noticed Harold
  5958 | D:7      | Killed Harold
  5958 | D:7      | Reached skill level 10 in Maces & Flails
  6172 | D:6      | Reached ***** piety under Trog
  6364 | D:7      | Found a burning altar of Makhleb.
  6444 | D:7      | Reached skill level 11 in Maces & Flails
  6470 | D:7      | Found Kewkam's Distillery.
  6570 | D:7      | Found a glowing golden altar of the Shining One.
  6618 | D:7      | Reached XP level 10. HP: 82/82 MP: 10/10
  6751 | D:8      | Noticed Grum
  6757 | D:8      | Killed Grum
  6919 | D:8      | Received a gift from Trog
  6984 | D:8      | Noticed a death yak
  6994 | D:8      | Killed a death yak
  6995 | D:8      | Found a staircase to the Lair.
  7025 | D:8      | Noticed a death yak
  7025 | D:8      | Noticed a death yak
  7046 | D:8      | Killed a death yak
  7046 | D:8      | Reached skill level 12 in Maces & Flails
  7054 | D:8      | Killed a death yak
  7054 | D:8      | Reached skill level 10 in Fighting
  7386 | D:8      | Found Aphik's Serpentskin Sales.
  8069 | D:9      | Found a shattered altar of Ashenzari.
  8150 | D:9      | Noticed Erolcha
  8176 | D:9      | Slain by Erolcha

Skill      XL: |  1  2  3  4  5  6  7  8  9 10 |
---------------+-------------------------------+-----
Maces & Flails | 3 4 5 6 7 9 11 12 | 12.6
Fighting       | 4 5 6 7 8 10 | 10.2
Armour         | |  1.7
Dodging        | |  1.7

Action                   |  1- 3 |  4- 6 |  7- 9 | 10-12 || total
-------------------------+-------+-------+-------+-------++-------
Melee: Mace              |   122 |   146 |    78 |       ||   346
       Flail             |       |       |   168 |   146 ||   314
       Headbutt          |       |       |    45 |    39 ||    84
Invok: Berserk           |     2 |     4 |     3 |     3 ||    12
  Use: Scroll            |       |     3 |       |     4 ||     7
  Eat: Chunk             |     3 |    22 |    14 |     8 ||    47
Armor: Ring mail         |    65 |    52 |    89 |    32 ||   238
       Animal skin       |     8 |       |       |       ||     8
       Leather armour    |       |       |       |     6 ||     6
Dodge: Dodged            |   117 |   101 |   161 |    99 ||   478
